 Dungeon Crawl Stone Soup version 0.30-a0-748-ge6a52f7cba (webtiles) character file.

Game seed: 7082690285758101817

62600 Strat the Carver (level 14, -15/121 (126) HPs)
             Began as a Grey Draconian Reaver on Feb 8, 2023.
             Was a High Priest of Vehumet.
             Demolished by Saint Roka
             ... wielding a +0 heavy battleaxe
              (20 damage)
             ... on level 2 of the Orcish Mines on Feb 9, 2023.
             The game lasted 01:19:26 (31456 turns).

Strat the Carver (Grey Draconian Reaver)           Turns: 31456, Time: 01:19:27

HP:   -15/121 (126) AC: 20    Str: 14    XL:     14   Next: 64%
MP:   31/36         EV: 16    Int: 15    God:    Vehumet [*****.]
Gold: 1864          SH: 12    Dex: 14    Spells: 3/31 levels left

rFire   . . .      SeeInvis .    a - +3 scimitar (flame)
rCold   . . .      Faith    .    E - +2 buckler
rNeg    . . .      Spirit   .    (body armour unavailable)
rPois   +          Reflect  +    (helmet restricted)
rElec   .          Harm     .    i - +0 cloak
rCorr   .          Rampage  .    G - +2 pair of gloves
Will    +....      Rnd*Tele +    c - +2 pair of boots
Stlth   +                        O - amulet of reflection
HPRegen 0.40/turn                C - ring of magical power
MPRegen 0.25/turn                x - ring of poison resistance

@: lightly drained, unable to drink
A: AC +13, amphibious, unfitting armour, cold-blooded, teleportitis 1, subdued
magic 2, inability to drink after injury 1
a: Renounce Religion


You were on level 2 of the Orcish Mines.
You worshipped Vehumet.
Vehumet was extremely pleased with you.
You visited 3 branches of the dungeon, and saw 19 of its levels.

You collected 1961 gold pieces.
You spent 97 gold pieces at shops.

Inventory:

Hand Weapons
 a - a +3 scimitar of flaming (weapon)
Armour
 c - a +2 pair of boots (worn)
 i - a +0 cloak (worn)
 E - a +2 buckler (worn)
 G - a +2 pair of gloves (worn)
Jewellery
 q - a +6 ring of strength
 x - a ring of poison resistance (right hand)
 y - a ring of wizardry
 C - a ring of magical power (left hand)
 D - an amulet of magic regeneration
 H - a ring of positive energy
 K - a ring of flight
 N - a ring of protection from cold
 O - an amulet of reflection (around neck)
Wands
 p - a wand of flame (32)
 s - a wand of paralysis (25)
 z - a wand of polymorph (15)
 L - a wand of roots (7)
Scrolls
 g - 2 scrolls of torment
 j - 4 scrolls of poison
 m - 2 scrolls of amnesia
 t - 2 scrolls of noise
 B - 2 scrolls of immolation
 J - 4 scrolls of enchant armour
 M - 6 scrolls of identify
Potions
 l - a potion of lignification
 o - 2 potions of magic
 r - 4 potions of flight
 v - a potion of cancellation
 A - 3 potions of brilliance
 I - a potion of ambrosia
Miscellaneous
 f - a phantom mirror (inert)
 F - a condenser vane (inert)


   Skills:
 - Level 12.2 Fighting
 - Level 14.0 Long Blades
 - Level 10.0 Dodging
 - Level 5.0 Shields
 + Level 9.2 Spellcasting
 + Level 11.8 Conjurations
 + Level 6.2 Summonings


You had 3 spell levels left.
You knew the following spells:

 Your Spells              Type           Power      Damage    Failure   Level
a - Kiss of Death         Conj/Necr      60%        2d10      1%          1
b - Momentum Strike       Conj/Tloc      30%        3d8       1%          2
c - Hailstorm             Conj/Ice       15%        3d5       1%          3
d - Iskenderun's Mystic   Conj/Tloc      15%        2d5       2%          4
e - Mephitic Cloud        Conj/Pois/Air  11%        N/A       1%          3
f - Stone Arrow           Conj/Erth      30%        3d8       1%          3
g - Spellforged Servitor  Conj/Summ      10%        N/A       47%         7
h - Freezing Cloud        Conj/Ice/Air   5%         6-21      16%         5

Your spell library contained the following spells:

 Spells                   Type           Power      Damage    Failure   Level
 Magic Dart               Conj           100%       1d8       0%          1
 Call Imp                 Summ           15%        N/A       1%          2
 Beastly Appendage        Tmut           8%         N/A       10%         1
 Slow                     Hex            16%        N/A       10%         1
 Wereblood                Tmut           4%         N/A       14%         2
 Confusing Touch          Hex            4%         N/A       30%         3
 Spider Form              Tmut/Pois      4%         N/A       30%         3
 Vampiric Draining        Necr           4%         2d6       30%         3
 Cause Fear               Hex            2%         N/A       73%         4
 Dragon Form              Tmut           2%         N/A       100%        7
 Lehudib's Crystal Spear  Conj/Erth      7%         10d3      100%        8
 Dragon's Call            Summ           7%         N/A       100%        9
 Animate Armour           Summ/Erth      Unusable   N/A       N/A         4

Dungeon Overview and Level Annotations

Branches:
Dungeon (12/15)            Temple (0/1) D:4            Lair (5/5) D:11
 Shoals (0/4) Lair:3        Snake (0/4) Lair:2        Slime (0/5) Lair:5
    Orc (2/2) D:9             Elf (0/3) Orc:2

Altars:
Cheibriados
Elyvilon
Gozag
Vehumet
Yredelemnul
The Shining One
Jiyva
Lugonu

Shops:
D:1 =   D:6 :   Orc:2 =*(

Portals:
Abyss: Lair:5

Annotations:
D:2 Terence
D:4 1 runed translucent door, Crazy Yiuf
D:10 exclusion: ice statue
Lair:5 Rupert
Orc:2 Saint Roka


Innate Abilities, Weirdness & Mutations

Your dull iron-grey scales are very hard. (AC +13)
You are amphibious.
You cannot fit into any form of body armour.
You are cold-blooded and may be slowed by cold attacks.
You are occasionally teleported next to monsters.
Your spells are easier to cast, but less powerful.
You occasionally lose the ability to drink potions when taking damage.


Message History

* * * LOW HITPOINT WARNING * * *
You feel better.
Okay, then.
You can't see any enemies this would affect, really read the scroll of poison?
The air fills with toxic fumes!
As you read the scroll of poison, it crumbles to dust.
Saint Roka is engulfed in poison gas.
Saint Roka is poisoned.
Saint Roka invokes the aid of Beogh against you.
Beogh smites you!
* * * LOW HITPOINT WARNING * * *
Casting: Stone Arrow (safe; 1% risk of failure)
Confirm with . or Enter, or press ? or * to list all spells.
Aiming: Stone Arrow (safe; 1% risk of failure)
Press: ? - help, Shift-Dir - straight line, f/p - Saint Roka
Aim: Saint Roka, wielding a +0 heavy battleaxe and wearing a +1 chain mail of fire resistance (poison gas, lightly wounded, poisoned, 77% to hit)
The stone arrow hits Saint Roka!
Saint Roka is lightly wounded.
Saint Roka is engulfed in poison gas.
Saint Roka looks even sicker.
Casting: Stone Arrow (safe; 1% risk of failure)
Confirm with . or Enter, or press ? or * to list all spells.
Aiming: Stone Arrow (safe; 1% risk of failure)
Press: ? - help, Shift-Dir - straight line, f/p - Saint Roka
Aim: Saint Roka, wielding a +0 heavy battleaxe and wearing a +1 chain mail of fire resistance (poison gas, lightly wounded, very poisoned, 77% to hit)
The stone arrow hits Saint Roka but does no damage.
Saint Roka is lightly wounded.
Saint Roka is engulfed in poison gas.
Saint Roka looks even sicker.
Saint Roka invokes the aid of Beogh against you.
Beogh smites you!
* * * LOW HITPOINT WARNING * * *
Okay, then.
As you read the scroll of fear, it crumbles to dust.
You assume a fearsome visage.
Saint Roka resists with some effort.
Saint Roka is engulfed in poison gas.
Saint Roka looks as sick as possible!
You hit Saint Roka but do no damage.
You tail-slap Saint Roka, but do no damage.
Saint Roka is lightly wounded.
Saint Roka is engulfed in poison gas.
Saint Roka looks as sick as possible!
Saint Roka hits you with a +0 heavy battleaxe!!
You feel threatened and lose the ability to drink potions!
You die...

..#### #.......# #....#####
..#..## #.§§§§§§######§§.....####
......###..§§§§§§§#..§§§....###..
............§§§§§##.§§§§......###
.#).......o..§§§§§#§§§§##......#.
.##.......##..§☼☼§#§§§☼###.......
####...o.####.#☼§☼§§§####........
###.....#######§o§§§☼#§###.......
##..........#§§§@§§§§§§####.....(
#.........####§§☼§§§§§§##........
##....#....##§§§§§§§§§§##........
#.....#.....#§§§§§##§§§§.....)#[.
...##.##...§§§§§§###.§§§......#<.
...#####..§§§§§§§# ##.§§.....####
[)..# ###§#§§☼§######.§......###
#[..# ###§§§###.#...........##
#..## #..####.......#......#


You could see Saint Roka (extremely poisoned).

Vanquished Creatures
  Gastronok (D:11)
  Snorg (Lair:3)
  Fannar (D:11)
  Erica (Lair:2)
  4 two-headed ogres
  2 boulder beetles
  6 death yaks
  An orc high priest (Orc:2)
  4 thrashing horrors (Lair:5)
  Urug (Lair:3)
  A soul eater (D:10)
  4 orc knights
  A harpy (Lair:3)
  An ugly thing (Lair:5)
  A cyclops (D:11)
  A wolf spider (Lair:5)
  3 orc sorcerers (Orc:2)
  A salamander (Lair:2)
  A rust devil (D:10)
  4 black mambas
  Maurice (Orc:1)
  An orange demon (D:10)
  10 elephants
  Joseph (D:7)
  A torpor snail (Lair:5)
  2 smoke demons
  10 cane toads
  Psyche (D:11)
  4 rime drakes
  7 komodo dragons
  A red devil (D:10)
  2 ice devils (D:10)
  2 ancient zymes (Lair:5)
  5 trolls
  A hellwing (D:10)
  2 large abominations (Lair:5)
  4 polar bears
  A hornet (D:9)
  Prince Ribbit (Lair:1)
  21 blink frogs
  Sigmund (D:3)
  A shadow (D:9)
  2 spriggans (Lair:5)
  2 ynoxinuls
  Eustachio (D:4)
  A yak (shapeshifter) (Lair:5)
  26 yaks
  3 wyverns
  A wraith (D:10)
  A chaos spawn (Lair:5)
  8 basilisks
  A human (shapeshifter) (Lair:5)
  7 steam dragons
  A neqoxec (D:10)
  Edmund (D:4)
  4 wargs
  15 water moccasins
  A floating eye (shapeshifter) (D:7)
  3 black bears
  7 ice beasts
  4 sky beasts
  32 orc warriors
  16 wolves
  14 small abominations (Lair:5)
  11 ogres
  4 centaurs
  2 phantoms
  3 kobold brigands
  3 gnoll sergeants
  3 necrophages
  5 scorpions
  6 bullfrogs
  26 wights
  4 howler monkeys
  2 electric eels (Lair:5)
  2 lava snakes (Lair:2)
  7 quasits
  5 hounds
  2 jellies
  16 orc priests
  2 gnoll boudas (D:7)
  Jessica (D:2)
  2 iguanas
  Ijyb (D:3)
  Natasha (twice) (D:3)
  19 orc wizards
  7 hell rats (Lair:1)
  Robin (D:4)
  9 gnolls
  2 adders
  11 river rats (Lair:1)
  A shadow imp (D:6)
  3 white imps (D:7)
  4 worms
  13 dart slugs
  76 orcs
  A bat (D:2)
  3 endoplasms
  A giant cockroach (D:4)
  5 hobgoblins
  4 jackals
  6 quokkas
  3 ball pythons
  2 frilled lizards
  17 goblins
  15 kobolds
  17 rats
600 creatures vanquished.

Vanquished Creatures (collateral kills)
  A howler monkey (D:8)
1 creature vanquished.

Vanquished Creatures (others)
  A jelly (D:8)
  A howler monkey zombie (D:8)
  An orc (D:10)
  4 bushes (Lair:5)
  7 demonic plants (D:10)
  40 fungi
  86 plants
140 creatures vanquished.

Grand Total: 741 creatures vanquished

Notes
Turn   | Place    | Note
-------+----------+-------------------------------------------
     0 | D:1      | Strat the Draconian Reaver began the quest for the Orb.
     0 | D:1      | Reached XP level 1. HP: 17/17 MP: 3/3
   359 | D:1      | Reached XP level 2. HP: 24/24 MP: 5/5
   362 | D:1      | Learned a level 2 spell: Momentum Strike
   362 | D:1      | Found Cilaasuo's Jewellery Shop.
   897 | D:2      | Reached skill level 4 in Long Blades
   945 | D:2      | Noticed Jessica
   945 | D:2      | Noticed Terence
  1220 | D:2      | Killed Jessica
  1221 | D:2      | Reached XP level 3. HP: 11/28 MP: 0/6
  1769 | D:2      | Found a faded altar of an unknown god.
  2061 | D:3      | Reached XP level 4. HP: 36/36 MP: 7/7
  2065 | D:3      | Learned a level 3 spell: Hailstorm
  2083 | D:3      | Reached skill level 5 in Long Blades
  2133 | D:3      | Noticed Sigmund
  2233 | D:3      | Found a large runed translucent door.
  2234 | D:3      | Found a large runed translucent door.
  2480 | D:3      | Noticed Ijyb
  2491 | D:3      | Killed Ijyb
  2526 | D:3      | Noticed Natasha
  2758 | D:3      | Found a glowing golden altar of the Shining One.
  2773 | D:3      | Found a radiant altar of Vehumet.
  2781 | D:3      | Became a worshipper of Vehumet
  2819 | D:3      | Reached XP level 5. HP: 42/42 MP: 8/8
  2864 | D:3      | Killed Sigmund
  2865 | D:3      | Reached XP level 6. HP: 19/52 MP: 6/9
  3363 | D:3      | Killed Natasha
  3401 | D:3      | Noticed Natasha
  3406 | D:3      | Killed Natasha
  3649 | D:4      | Noticed Edmund
  3653 | D:4      | Noticed Eustachio
  3726 | D:4      | Killed Edmund
  3727 | D:4      | Reached skill level 6 in Long Blades
  3814 | D:4      | Noticed Robin
  3858 | D:3      | Reached skill level 5 in Conjurations
  3858 | D:3      | Your scales start taking on a dull iron-grey colour.
  3858 | D:3      | Reached XP level 7. HP: 34/55 MP: 6/10
  4057 | D:4      | Killed Robin
  4220 | D:4      | Found a staircase to the Ecumenical Temple.
  4341 | D:4      | Found a runed translucent door.
  4342 | D:4      | Noticed Crazy Yiuf
  4653 | D:4      | Killed Eustachio
  4654 | D:4      | Reached skill level 7 in Long Blades
  5336 | D:5      | Entered Level 5 of the Dungeon
  5513 | D:5      | Reached * piety under Vehumet
  5513 | D:5      | Offered knowledge of Shock by Vehumet.
  5514 | D:5      | Reached XP level 8. HP: 66/66 MP: 11/11
  5540 | D:5      | Reached skill level 8 in Long Blades
  5671 | D:5      | Reached skill level 1 in Shields
  6244 | D:5      | Identified the +4 war axe of Kuschul {freeze, *Slow rPois
                  | Str+4 SInv}
  6723 | D:5      | Reached skill level 5 in Fighting
  7632 | D:6      | Offered knowledge of Scorch by Vehumet.
  7811 | D:6      | Reached skill level 5 in Shields
  7811 | D:6      | Reached XP level 9. HP: 63/75 MP: 12/12
  7882 | D:6      | Found a snail-covered altar of Cheibriados.
  8096 | D:6      | Reached ** piety under Vehumet
  8460 | D:6      | Found a basalt altar of Yredelemnul.
  8963 | D:6      | Found Fayt's Tremendous Tomes.
  9518 | D:7      | Reached skill level 9 in Long Blades
  9582 | D:7      | Noticed a two-headed ogre
  9748 | D:7      | Reached skill level 5 in Dodging
  9988 | D:7      | Killed a two-headed ogre
  9989 | D:7      | Reached skill level 10 in Long Blades
 10007 | D:7      | Reached XP level 10. HP: 84/84 MP: 13/13
 10022 | D:7      | Offered knowledge of Poisonous Vapours by Vehumet.
 10503 | D:7      | Reached *** piety under Vehumet
 10592 | D:7      | a water moccasin changed into a glowing shapeshifter
 10592 | D:7      | Noticed a glowing shapeshifter (glowing shapeshifter)
 10593 | D:7      | a glowing shapeshifter changed into an eye of devastation
 10593 | D:7      | Noticed an eye of devastation (glowing shapeshifter)
 10602 | D:7      | an eye of devastation changed into a swamp worm
 10604 | D:7      | a swamp worm changed into a faun
 10604 | D:7      | Noticed a faun (glowing shapeshifter)
 10607 | D:7      | a faun changed into a glowing orange brain
 10607 | D:7      | Noticed a glowing orange brain (glowing shapeshifter)
 10608 | D:7      | a glowing orange brain changed into a water nymph
 10608 | D:7      | Noticed a water nymph (glowing shapeshifter)
 10614 | D:7      | a water nymph changed into a floating eye
 10622 | D:7      | Noticed Joseph
 11082 | D:7      | Offered knowledge of Ignite Poison by Vehumet.
 11343 | D:7      | Killed Joseph
 11983 | D:8      | Noticed a two-headed ogre
 12008 | D:8      | Killed a two-headed ogre
 12801 | D:9      | Reached **** piety under Vehumet
 12936 | D:9      | Reached XP level 11. HP: 88/93 MP: 14/14
 13247 | D:9      | Offered knowledge of Iskenderun's Mystic Blast by Vehumet.
 13259 | D:9      | Learned a level 4 spell: Iskenderun's Mystic Blast
 13485 | D:9      | Reached skill level 10 in Fighting
 13854 | D:9      | Found a staircase to the Orcish Mines.
 14033 | D:10     | Entered Level 10 of the Dungeon
 14927 | D:10     | Gained mutation: Your spells are a little easier to cast,
                  | but a little less powerful. [a neqoxec]
 15067 | D:10     | Noticed a two-headed ogre
 15097 | D:10     | Killed a two-headed ogre
 15496 | D:10     | Noticed a soul eater
 15561 | D:10     | Killed a soul eater
 15793 | D:10     | Reached skill level 10 in Dodging
 15941 | D:10     | Noticed a two-headed ogre
 15969 | D:10     | Gained mutation: You are occasionally teleported next to
                  | monsters. [a neqoxec]
 16199 | D:10     | Gained mutation: You occasionally lose the ability to drink
                  | potions when taking damage. [a neqoxec]
 16204 | D:10     | Gained mutation: Your spells are easier to cast, but less
                  | powerful. [a neqoxec]
 16287 | D:10     | Killed a two-headed ogre
 16357 | D:10     | Reached XP level 12. HP: 102/106 MP: 15/15
 16396 | D:10     | Reached skill level 10 in Conjurations
 17015 | D:11     | Noticed Fannar
 17043 | D:11     | Killed Fannar
 17225 | D:11     | Reached skill level 11 in Long Blades
 17231 | D:11     | Reached ***** piety under Vehumet
 17295 | D:11     | Noticed Gastronok
 17322 | D:11     | Killed Gastronok
 17411 | D:11     | Found a staircase to the Lair.
 17411 | D:11     | Noticed a boulder beetle
 17419 | D:11     | You fall into a shaft and drop 1 floor!
 17522 | D:11     | Noticed Psyche
 17816 | Lair:1   | Entered Level 1 of the Lair of Beasts
 17861 | Lair:1   | Killed a boulder beetle
 17862 | Lair:1   | Reached skill level 12 in Long Blades
 18510 | Lair:1   | Noticed Prince Ribbit
 18532 | Lair:1   | Offered knowledge of Starburst by Vehumet.
 18539 | Lair:1   | Killed Prince Ribbit
 18630 | Lair:1   | Reached skill level 13 in Long Blades
 19461 | Lair:2   | Noticed Erica
 19479 | Lair:2   | Killed Erica
 19493 | Lair:2   | Reached skill level 14 in Long Blades
 19674 | Lair:2   | Found a staircase to the Snake Pit.
 19855 | Lair:2   | Reached XP level 13. HP: 80/113 MP: 17/17
 19961 | Lair:2   | Identified the +1 pair of boots "Wunitur" {rC- rCorr Int+3
                  | Stlth+}
 20449 | Lair:3   | Noticed Urug
 20455 | Lair:3   | Killed Urug
 20548 | Lair:3   | Found a staircase to the Shoals.
 20638 | Lair:3   | Learned a level 3 spell: Mephitic Cloud
 20731 | Lair:3   | Found a white marble altar of Elyvilon.
 21166 | Lair:3   | Noticed Snorg
 21195 | Lair:3   | Killed Snorg
 21196 | Lair:3   | Reached skill level 5 in Spellcasting
 22459 | Lair:4   | Learned a level 3 spell: Stone Arrow
 22603 | Lair:4   | Noticed Rupert
 22628 | Lair:5   | Entered Level 5 of the Lair of Beasts
 22806 | Lair:5   | Found a corrupted altar of Lugonu.
 22806 | Lair:5   | Found a one-way gate to the infinite horrors of the Abyss.
 23068 | Lair:5   | Found an opulent altar of Gozag.
 23557 | Lair:5   | Found a staircase to the Slime Pits.
 23558 | Lair:5   | Found a viscous altar of Jiyva.
 23860 | Lair:5   | Identified the +1 flail of Joalell {protect, *Corrode Drain
                  | rElec Dex+8}
 23921 | Lair:5   | Offered knowledge of Spellforged Servitor by Vehumet.
 24099 | Lair:5   | Learned a level 7 spell: Spellforged Servitor
 24511 | Lair:4   | Reached skill level 1 in Summonings
 25341 | Lair:5   | Reached XP level 14. HP: 126/126 MP: 25/25
 25647 | Lair:5   | Paralysed by Rupert for 3 turns
 27582 | D:11     | Killed Psyche
 27633 | D:11     | Reached skill level 5 in Summonings
 27907 | Orc:1    | Entered Level 1 of the Orcish Mines
 27915 | Orc:1    | Offered knowledge of Yara's Violent Unravelling by Vehumet.
 28051 | Orc:1    | Noticed Maurice
 28152 | Orc:1    | Killed Maurice
 28659 | Orc:2    | Entered Level 2 of the Orcish Mines
 29281 | Orc:2    | Noticed Saint Roka
 29606 | Orc:2    | Found a staircase to the Elven Halls.
 30026 | Orc:2    | Paralysed by an orc sorcerer for 4 turns
 30358 | Orc:1    | Offered knowledge of Freezing Cloud by Vehumet.
 30444 | Orc:1    | Learned a level 5 spell: Freezing Cloud
 30636 | Orc:2    | Found Idoell's Antique Weapon Shoppe.
 30957 | Orc:2    | Paralysed by an orc sorcerer for 2 turns
 30969 | Orc:2    | Found Petoan's Jewellery Shoppe.
 30983 | Orc:2    | Found Faila's General Store.
 30990 | Orc:2    | Bought a scroll of enchant armour for 97 gold pieces
 31454 | Orc:2    | HP: 5/121 [Saint Roka/divine providence (13)]
 31456 | Orc:2    | Demolished by Saint Roka

Illustrated notes

Levels and vault maps discovered:
D:1:      beargit_arrival_diablo_church, layout_basic, serial_shops,
          nicolae_shop_waterfront
D:2:      layout_loops_cross, shapermc_ecumenical_altar_mp_ritualfount,
          uniq_jessica, uniq_terence
D:3:      kennysheep_slugbush, layout_basic, jmf_multi_god_temple2, uniq_ijyb,
          uniq_sigmund, uniq_natasha
D:4:      layout_basic, minmay_temple_entry_tees, serial_rivers,
          chequers_serial_rivers_micro_b, chequers_serial_rivers_micro_c,
          chequers_serial_rivers_large_a, chequers_serial_rivers_room_a,
          chequers_serial_rivers_micro_d, grunt_decor_arrowhead,
          nicolae_concentric_dashed_squares_mild, uniq_eustachio, uniq_edmund,
          uniq_robin, uniq_crazy_yiuf_cottage
D:5:      layout_basic, nicolae_grassy_gnolls
D:6:      layout_layer_cave, mainiacjoe_overflow_catwalk_spiral,
          nicolae_shop_i_like_big_books, minmay_misc_feat_x
D:7:      nzn_winding_woodlands_cross [nzn_winding_woodlands_5x15_crooked,
          nzn_winding_woodlands_5x15_eye, nzn_winding_woodlands_5x15_twine,
          nzn_winding_woodlands_5x15_sawtooth,
          nzn_winding_woodlands_15x15_killbox], layout_basic,
          kennysheep_generic_room_9, uniq_joseph
D:8:      layout_basic, serial_aquarium, aquarium_bridge_square
          [aquarium_subvault_bridge, aquarium_subvault_wall,
          aquarium_subvault_bridge, aquarium_subvault_bridge],
          aquarium_bridge_long_joined [aquarium_subvault_bridge,
          aquarium_subvault_window, aquarium_subvault_bridge,
          aquarium_subvault_bridge, aquarium_subvault_bridge,
          aquarium_subvault_window], aquarium_window_corner, aquarium_window_2,
          aquarium_window_2, aquarium_view_2d, aquarium_balcony_3b
D:9:      layout_irregular_city, kennysheep_orc_monster_closet_entryway
D:10:     layout_rooms, serial_demonic, serial_demonic_a, serial_demonic_e,
          serial_demonic_f, serial_demonic_e, serial_demonic_a,
          serial_demonic_a, serial_demonic_b, serial_demonic_b,
          serial_demonic_d, serial_demonic_d, corner_web_ring, minivault_16
D:11:     layout_irregular_city, hellmonk_lair_entry_icy, uniq_gastronok,
          uniq_fannar, uniq_psyche
D:12:     layout_roguey, gammafunk_ghost_hive
Lair:1:   lemuel_ratsnest, layout_regular_city, hibernation_bobbens,
          grunt_megastairs_3, uniq_prince_ribbit2
Lair:2:   layout_big_grid, nicolae_snake_entry_warm_welcome, uniq_erica
Lair:3:   layout_cave_pods, nicolae_shoals_entry_roost, basic_altar,
          chequers_serial_rivers_small_a, grunt_megastairs_1, uniq_snorg,
          uniq_urug
Lair:4:   layout_loops_ring, serial_bayou_pond_a, serial_bayou_pond_e,
          uniq_rupert
Lair:5:   hellmonk_lair_end_abyssal_woods, layout_regular_city, slime_entry_1,
          basic_altar, grunt_forest_large_clearing_hut, serial_bayou_shore_a
Orc:1:    layout_caves, uniq_maurice
Orc:2:    grunt_orc_cross, layout_diamond_mine

Skill      XL: |  1  2  3  4  5  6  7  8  9 10 11 12 13 14 |
---------------+-------------------------------------------+-----
Long Blades    | 4 5 6 7 8 10 14 | 14.0
Fighting       | 3 4 6 9 10 12 | 12.2
Conjurations   | 5 6 9 10 11 | 11.8
Shields        | 5 |  5.0
Dodging        | 2 5 8 10 | 10.0
Spellcasting   | 3 7 9 |  9.2
Summonings     | 3 6 |  6.2

Action                     |  1- 3 |  4- 6 |  7- 9 | 10-12 | 13-15 || total
---------------------------+-------+-------+-------+-------+-------++-------
  Melee: Falchion          |    86 |   113 |   463 |   344 |       ||  1006
         Tailslap          |    12 |    16 |    76 |   242 |   245 ||   591
         Punch             |     1 |       |     7 |       |       ||     8
         Long sword        |       |       |       |   943 |   391 ||  1334
         Scimitar          |       |       |       |       |   867 ||   867
   Cast: Momentum Strike   |     1 |     8 |    41 |    20 |     2 ||    72
         Kiss of Death     |     1 |     3 |     2 |     2 |     4 ||    12
         Hailstorm         |       |     2 |     2 |    23 |     3 ||    30
         Iskenderun's Myst |       |       |       |    15 |     5 ||    20
         Stone Arrow       |       |       |       |       |    30 ||    30
         Mephitic Cloud    |       |       |       |       |    23 ||    23
         Freezing Cloud    |       |       |       |       |     3 ||     3
  Evoke: Wand              |       |     1 |     3 |     9 |     7 ||    20
         Condenser vane    |       |       |       |     1 |     2 ||     3
         Phantom mirror    |       |       |       |       |     1 ||     1
    Use: Scroll            |       |       |    17 |    13 |    19 ||    49
         Potion            |       |       |     1 |    11 |    21 ||    33
   Stab: Sleeping          |       |     1 |       |     2 |     1 ||     4
         Paralysed         |       |     9 |    15 |     1 |       ||    25
         Distracted        |       |       |       |     1 |       ||     1
         Confused          |       |       |       |     2 |    12 ||    14
 Armour: Skin              |    27 |    66 |   237 |   468 |   375 ||  1173
  Dodge: Dodged            |    53 |   108 |   305 |   818 |   704 ||  1988
  Block: Buckler           |       |       |       |   455 |   442 ||   897
         Reflection        |       |       |       |       |    13 ||    13

Table legend: (Time is in decaauts)
 A = Elapsed time spent in this place.
 B = Non-inter-level travel time spent in this place.
 C = Inter-level travel time spent in this place.
 D = Time resting spent in this place.
 E = Time spent auto-exploring this place.
 F = Levels seen in this place.
 G = Mean time per level.
                   A        B        C        D        E       F      G
               +--------+--------+--------+--------+--------+-----+--------+
         Total |  30978 |  29613 |   1365 |   8115 |  12940 |  19 | 1630.4 |
       Dungeon |  18426 |  17462 |    964 |   4447 |   8526 |  12 | 1535.5 |
          Lair |   9294 |   9002 |    292 |   2644 |   3814 |   5 | 1858.8 |
  Orcish Mines |   3258 |   3150 |    108 |   1024 |    599 |   2 | 1629.0 |
               +--------+--------+--------+--------+--------+-----+--------+

Top non-repeatable levels by time:
  Lair:5: 3331 daAuts
     D:6: 2509 daAuts
     D:9: 2503 daAuts
   Orc:2: 2433 daAuts
     D:7: 1995 daAuts
  Lair:3: 1859 daAuts
     D:3: 1795 daAuts
  Lair:1: 1697 daAuts
    D:10: 1641 daAuts
     D:5: 1576 daAuts
     D:4: 1514 daAuts
  Lair:4: 1507 daAuts
    D:11: 1458 daAuts
     D:8: 1256 daAuts
     D:2: 1169 daAuts
